 Dungeon Crawl Stone Soup version 0.29-a0-304-gb34f9e1 (webtiles) character file.

Game seed: 9923523436298557284

219 Think the Cutter (level 5, -3/36 HPs)
             Began as an Octopode Fighter on Mar 26, 2022.
             Was a Believer of Dithmenos.
             Slain by a scorpion (7 damage)
             ... on level 4 of the Dungeon.
             The game lasted 00:05:03 (3229 turns).

Think the Cutter (Octopode Fighter)                 Turns: 3229, Time: 00:05:04

Health: -3/36      AC:  1    Str: 15    XL:     5   Next: 96%
Magic:  5/5        EV: 13    Int: 10    God:    Dithmenos [**....]
Gold:   163        SH:  5    Dex: 14    Spells: 4/4 levels left

rFire   . . .      SeeInvis .   s - +1 dagger (venom)
rCold   . . .      Faith    .   b - +0 buckler
rNeg    . . .      Spirit   .   (helmet restricted)
rPois   .          Reflect  .   (no amulet)
rElec   .          Harm     .   (no ring)
rCorr   .          Rampage  .   (no ring)
Will    .....                   (no ring)
Stlth   +++.......              (no ring)
HPRegen 0.12/turn               (no ring)
MPRegen 0.09/turn               (no ring)
                                (no ring)
                                (no ring)

@: wreathed by umbra
A: almost no armour, amphibious, 8 rings, camouflage 1, gelatinous body 1,
(nimble swimmer 1), tentacles
a: Renounce Religion, Shadow Step


You were on level 4 of the Dungeon.
You worshipped Dithmenos.
Dithmenos was pleased with you.
You visited 1 branch of the dungeon, and saw 4 of its levels.

You collected 163 gold pieces.

Inventory:

Hand Weapons
 a - a +0 rapier
 s - a +1 dagger of venom (weapon)
Armour
 b - a +0 buckler (worn)
Jewellery
 c - a ring of willpower
 d - a ring of ice
 h - an amulet of the acrobat
Wands
 k - a wand of digging (1)
Scrolls
 f - a scroll of vulnerability
 g - 4 scrolls of identify
 j - a scroll of immolation {unknown}
 l - 2 scrolls of fog {unknown}
 p - a scroll of noise {unknown}
 q - a scroll of blinking {unknown}
 r - a scroll of brand weapon {unknown}
 t - 2 scrolls of enchant armour {unknown}
 u - a scroll of holy word {unknown}
 v - a scroll of fear {unknown}
Potions
 m - a potion of heal wounds {unknown}
 n - a potion of lignification {unknown}
 o - a potion of brilliance {unknown}


   Skills:
 - Level 3.0 Fighting
 + Level 6.0 Short Blades
 - Level 3.0 Dodging
 - Level 3.0 Shields


You had 4 spell levels left.
You didn't know any spells.
Your spell library was empty.

Dungeon Overview and Level Annotations

Branches:
Dungeon (4/15)
 Temple: D:4-7

Altars:
Dithmenos
Okawaru
Yredelemnul

Shops:
D:1 =


Innate Abilities, Weirdness & Mutations

You cannot wear most types of armour.
You are amphibious.
You can wear up to eight rings at the same time.
Your skin changes colour to match your surroundings (Stealth+).
Your rubbery body absorbs attacks. (AC +1, EV +1)
((You are camouflaged when in or above water. (Stealth+)))
You have tentacles for arms and can constrict up to eight enemies at once.


Message History

Something hits you.
As you read the scroll labelled ESIWOM PIUXERPHO, it crumbles to dust.
It is a scroll of identify.
f - a scroll of vulnerability You feel sick.
The killer bee stings you.
The killer bee stings you but does no damage.
Something hits you.
* * * LOW HITPOINT WARNING * * *
As you read the scroll labelled RIANIULIANG, it crumbles to dust.
You feel strangely unstable.
It was a scroll of teleportation.
You feel sick. The killer bee misses you. The killer bee completely misses you.
Something hits you.
* * * LOW HITPOINT WARNING * * *
You closely miss something.
You feel sick. The killer bee closely misses you.
You hit something but do no damage.
You feel sick. The killer bee misses you. Something hits you.
* * * LOW HITPOINT WARNING * * *
You block the killer bee's attack.
You barely miss something.
Your surroundings suddenly seem different.
A scorpion comes into view.
Found 8 gold pieces.
Found a stone staircase leading up.
* * * LOW HITPOINT WARNING * * *
You feel sick.
* * * LOW HITPOINT WARNING * * *
You feel sick.
You feel better. The scorpion stings you.
* * * LOW HITPOINT WARNING * * *
The scorpion closely misses you.
You hit the scorpion but do no damage.
The scorpion is poisoned.
Your grab misses the scorpion.
You squeeze the scorpion, but do no damage.
You block the scorpion's attack.
You hit the scorpion but do no damage.
The scorpion looks as sick as possible!
You grab the scorpion. You squeeze the scorpion.
The scorpion is moderately wounded.
You constrict the scorpion, but do no damage.
The scorpion stings you!
You die...

############ #
...........# #
...........####
#
..............#
# #
####...s......#
.# #....@.....#
#..###
#.$..<.....#
......
#........###
.#.#.#
#.....^..# #
#........#
........... #
.............
#######.
######...#.###
........ #


You could see a scorpion (extremely poisoned).

Vanquished Creatures
  4 iguanas
  Terence (D:3)
  An adder (D:2)
  A worm (D:3)
  3 orcs (D:4)
  6 endoplasms
  A giant cockroach (D:1)
  9 goblins
  5 hobgoblins
  8 jackals (D:1)
  9 kobolds
  3 quokkas
  5 ball pythons
  6 bats
  5 frilled lizards
  6 rats
73 creatures vanquished.

Vanquished Creatures (others)
  4 fungi (D:1)
  5 plants (D:1)
9 creatures vanquished.

Grand Total: 82 creatures vanquished

Notes
Turn   | Place    | Note
-------+----------+-------------------------------------------
     0 | D:1      | Think the Octopode Fighter began the quest for the Orb.
     0 | D:1      | Reached XP level 1. HP: 16/16 MP: 1/1
   145 | D:1      | Found Lisyofa's One-of-a-Kind Rings.
   231 | D:1      | Reached XP level 2. HP: 21/21 MP: 2/2
   260 | D:1      | Reached skill level 3 in Short Blades
   550 | D:1      | Reached XP level 3. HP: 23/26 MP: 3/3
   718 | D:1      | Found a faded altar of an unknown god.
   737 | D:1      | Prayed at the altar of an unknown god.
   737 | D:1      | Became a worshipper of Dithmenos the Shadowed
   737 | D:1      | Reached * piety under Dithmenos
  1403 | D:2      | Reached skill level 4 in Short Blades
  1557 | D:2      | Found an iron altar of Okawaru.
  1586 | D:2      | Reached XP level 4. HP: 31/31 MP: 4/4
  1592 | D:2      | Reached ** piety under Dithmenos
  1943 | D:3      | Found a basalt altar of Yredelemnul.
  1958 | D:3      | Noticed Terence
  1970 | D:3      | Killed Terence
  2239 | D:3      | Reached skill level 5 in Short Blades
  2239 | D:3      | Reached XP level 5. HP: 23/36 MP: 5/5
  3211 | D:4      | Reached skill level 6 in Short Blades
  3229 | D:4      | Slain by a scorpion

Illustrated notes

Levels and vault maps discovered:
D:1:      scummos_arrival_gate, layout_loops_ring,
          shapermc_ecumenical_altar_mp_urbaneastern, nicolae_shop_unique_rings
D:2:      layout_rooms, basic_altar
D:3:      layout_loops_corners, nicolae_overflow_crystal_walls, uniq_terence
D:4:      layout_basic, minmay_manual_maat

Skill      XL: |  1  2  3  4  5 |
---------------+----------------+-----
Short Blades   | 3 4 5 6 |  6.0
Fighting       | |  3.0
Dodging        | |  3.0
Shields        | |  3.0

Action                   |  1- 3 |  4- 6 || total
-------------------------+-------+-------++-------
Melee: Rapier            |    82 |    38 ||   120
       Constrict         |    17 |    15 ||    32
       Tentacles         |     5 |    22 ||    27
       Punch             |     1 |     2 ||     3
       Dagger            |       |    37 ||    37
  Use: Potion            |     1 |     2 ||     3
       Scroll            |       |     2 ||     2
 Stab: Sleeping          |     8 |     4 ||    12
       Distracted        |     1 |       ||     1
Armor: Skin              |     8 |     3 ||    11
Dodge: Dodged            |    52 |    35 ||    87
Block: Buckler           |    18 |    14 ||    32

Table legend: (Time is in decaauts)
 A = Elapsed time spent in this place.
 B = Non-inter-level travel time spent in this place.
 C = Inter-level travel time spent in this place.
 D = Time resting spent in this place.
 E = Time spent auto-exploring this place.
 F = Levels seen in this place.
 G = Mean time per level.
                   A        B        C        D        E       F      G
               +--------+--------+--------+--------+--------+-----+--------+
         Total |   3226 |   3155 |     71 |    349 |   2341 |   4 |  806.5 |
       Dungeon |   3226 |   3155 |     71 |    349 |   2341 |   4 |  806.5 |
               +--------+--------+--------+--------+--------+-----+--------+

Top non-repeatable levels by time:
     D:1: 1219 daAuts
     D:3: 1148 daAuts
     D:2: 657 daAuts
     D:4: 201 daAuts
